 Dungeon Crawl Stone Soup version 0.17.0-27-g4a3f43e (webtiles) character file.

532 DeXoteric the Destroyer (level 7, -3/36 HPs)
             Began as a Deep Elf Conjurer on Nov 21, 2015.
             Was an Initiate of Vehumet.
             Slain by a troll (6 damage)
             ... on level 4 of the Dungeon.
             The game lasted 00:23:31 (4783 turns).

DeXoteric the Destroyer (Deep Elf Conjurer)         Turns: 4783, Time: 00:23:31

Health: -3/36      AC:  2    Str:  5    XL:     7   Next: 4%
Magic:  18/18      EV:  8    Int: 22    God:    Vehumet [......]
Gold:   230        SH:  0    Dex: 15    Spells: 4 memorised, 6 levels left

rFire  . . .     SeeInvis .     u - +4 short sword
rCold  . . .     Clarity  .     a - +0 robe
rNeg   + . .     SustAt   .     (no shield)
rPois  .         Gourm    .     (no helmet)
rElec  .         Spirit   .     (no cloak)
rCorr  .         Warding  +     (no gloves)
rMut   .         Stasis   .     (no boots)
MR     .....                    r - amulet of warding
Stlth  ++........               (no ring)
                                (no ring)

@: not resistant to hostile enchantments, unstealthy
A: no striking features
a: Renounce Religion


You were on level 4 of the Dungeon.
You worshipped Vehumet.
Vehumet was noncommittal.
You were not hungry.

You visited 2 branches of the dungeon, and saw 5 of its levels.

You collected 230 gold pieces.

Inventory:

Hand Weapons
 u - a +4 short sword (weapon)
Armour
 a - a +0 robe (worn)
 t - a +0 buckler
Jewellery
 r - an amulet of warding (around neck)
Scrolls
 e - a scroll of noise {unknown}
 g - 2 scrolls of teleportation
 h - 2 scrolls of identify
 k - a scroll of remove curse
 l - a scroll of amnesia {unknown}
 m - a scroll of random uselessness {unknown}
 n - a scroll of enchant armour {unknown}
 p - a scroll of fear {unknown}
Potions
 d - a potion of flight {unknown}
 f - a potion of invisibility {unknown}
 i - a potion of haste {unknown}
 j - 4 potions of curing
 q - a potion of berserk rage {unknown}
 v - a potion of degeneration {unknown}
Books
 b - a book of Conjurations

   Spells                             Type                      Level
   a - Magic Dart                     Conjuration                  1
   b - Searing Ray                    Conjuration                  2
   c - Dazzling Spray                 Conjuration/Hexes            3
   d - Fulminant Prism                Conjuration/Hexes            4
   e - Iskenderun's Mystic Blast      Conjuration                  4
   f - Iskenderun's Battlesphere      Conjuration/Charms           5
Comestibles
 c - 4 bread rations
 o - 2 meat rations
 s - a beef jerky


   Skills:
 - Level 2.4 Dodging
 - Level 2.4 Stealth
 + Level 6.1 Spellcasting
 * Level 8.1 Conjurations
 + Level 0.0 Charms


You had 6 spell levels left.
You knew the following spells:

 Your Spells              Type           Power        Failure   Level  Hunger
a - Magic Dart            Conj           ####         1%          1    None
b - Searing Ray           Conj           #####.       1%          2    None
c - Iskenderun's Mystic   Conj           #####...     3%          4    ###....
d - Iskenderun's Battles  Conj/Chrm      ###.....     50%         5    #####..


Dungeon Overview and Level Annotations

Branches:
Dungeon (4/15)             Temple (1/1) D:4

Altars:
Fedhas
Kikubaaqudgha
Makhleb
Nemelex Xobeh
Okawaru
Qazlal
Ru
Vehumet
Xom
The Shining One


Message History

Confirm with . or Enter, or press ? or * to list all spells.
Okay, then.
There is a stone staircase leading up here.
There is a stone staircase leading down here.
A troll comes into view.
Casting: Magic Dart
Confirm with . or Enter, or press ? or * to list all spells.
Aiming: Iskenderun's Mystic Blast
Press: ? - help, Shift-Dir - straight line, f - troll
Aim: a troll (hasn't noticed you)
The orb of energy misses the troll.
The troll shouts!
The troll closely misses you. The troll claws you! The troll claws you!
* * * LOW HITPOINT WARNING * * *
The troll bites you!
* * * LOW HITPOINT WARNING * * *
The troll barely misses you. The troll misses you.
There is a stone staircase leading up here.
The troll bites you.
You die...

######.#####.#####.>............
#............# #.#############
##.###........# #.# #
.....#..#####)# ##.# ##
.###.#..#####.####..## #. .#
#.....#...........# #.
.###.##..........#.#.# #.
.....##..#.##.##.#.#.# ##
##.####..#.##.##e#.#.# ##.#
#..#.##.##T#.#.#########
##.####..#.##.##.............####
#............###)#.......PP..P..
######))#.#### #....#..P♣≈≈♣..P.
#).#.# ####..♣..≈≈♣≈≈... #..#.#
#....♣[≈≈≈≈≈..
#..#.#########....P♣♣≈≈≈≈..
#..#...........#.P..≈≈♣≈≈..


You could see a troll.

Vanquished Creatures
  A scorpion (D:4)
  A hound (D:4)
  4 orc wizards (D:4)
  3 orc priests (D:4)
  2 worker ants (D:4)
  Terence (D:3)
  2 iguanas (D:4)
  A hound skeleton (D:4)
  4 adders
  3 worms
  2 giant geckos
  9 orcs
  8 bats
  4 giant cockroaches
  8 goblins
  8 hobgoblins
  10 kobolds
  A quokka (D:4)
  3 ball pythons
  4 giant newts
  3 jackals (D:3)
  8 rats
90 creatures vanquished.

Notes
Turn   | Place    | Note
--------------------------------------------------------------
     0 | D:1      | DeXoteric the Deep Elf Conjurer began the quest for the Orb.
     0 | D:1      | Reached XP level 1. HP: 10/10 MP: 6/6
   177 | D:1      | Reached XP level 2. HP: 15/15 MP: 5/8
   616 | D:1      | Reached skill level 5 in Conjurations
   837 | D:1      | Reached XP level 3. HP: 19/19 MP: 6/10
   872 | D:1      | Learned a level 2 spell: Searing Ray
  1818 | D:3      | Noticed Terence
  1822 | D:3      | Killed Terence
  1822 | D:3      | Reached XP level 4. HP: 24/24 MP: 7/12
  1867 | D:3      | Found a sparkling altar of Nemelex Xobeh.
  2021 | D:3      | Learned a level 4 spell: Iskenderun's Mystic Blast
  2311 | D:3      | Reached skill level 6 in Conjurations
  2774 | D:4      | Reached XP level 5. HP: 28/28 MP: 9/13
  3019 | D:4      | Found a staircase to the Ecumenical Temple.
  3182 | D:4      | Reached skill level 5 in Spellcasting
  3345 | Temple   | Entered the Ecumenical Temple
  3355 | Temple   | Became a worshipper of Vehumet
  3461 | D:4      | Reached skill level 7 in Conjurations
  3626 | D:4      | Reached XP level 6. HP: 32/32 MP: 10/15
  3853 | D:4      | Learned a level 5 spell: Iskenderun's Battlesphere
  4305 | D:4      | Reached skill level 8 in Conjurations
  4425 | D:4      | Reached XP level 7. HP: 18/36 MP: 5/18
  4751 | D:4      | Noticed a troll
  4783 | D:4      | Slain by a troll

Action                   |  1- 3 |  4- 6 |  7- 9 || total
-------------------------+-------+-------+-------++-------
Melee: Unarmed           |     1 |       |       ||     1
       Dagger            |     1 |       |       ||     1
 Cast: Magic Dart        |    72 |   101 |     7 ||   180
       Searing Ray       |     2 |     4 |       ||     6
       Iskenderun's Myst |       |    17 |     2 ||    19
  Use: Scroll            |       |     3 |       ||     3
 Stab: Sleeping          |     1 |       |       ||     1
  Eat: Chunk             |     2 |    11 |     1 ||    14
